 Dungeon Crawl Stone Soup version 0.19-a0-1015-ge643222 (webtiles) character file.

14173 qqqbard the Cleaver (level 11, -4/106 HPs)
             Began as a Minotaur Fighter on July 24, 2016.
             Was the Champion of Makhleb.
             Slain by a 12-headed hydra (5 damage)
             ... on level 12 of the Dungeon.
             The game lasted 00:26:07 (9817 turns).

qqqbard the Cleaver (Minotaur Fighter)              Turns: 9817, Time: 00:26:07

Health: -4/106     AC: 24    Str: 21    XL:     11   Next: 85%
Magic:  16/16      EV: 10    Int:  5    God:    Makhleb [******]
Gold:   1064       SH:  0    Dex: 11    Spells: 0 memorised, 10 levels left

rFire  . . .     SeeInvis .     I - +3 war axe (chop)
rCold  . . .     Gourm    .     M - +0 plate armour
rNeg   . . .     Faith    .     (no shield)
rPois  +         Spirit   .     (helmet unavailable)
rElec  .         Dismiss  .     D - +2 cloak
rCorr  +         Reflect  .     o - +2 pair of gloves
SustAt .         Harm     .     B - +1 pair of boots
MR     .....                    w - amulet of magic regeneration
Stlth  ..........               Q - ring of resist corrosion
                                l - ring of poison resistance

@: not resistant to hostile enchantments, extremely unstealthy
A: retaliatory headbutt, horns 3, robust 1, weak 1
a: Minor Destruction, Lesser Servant of Makhleb, Major Destruction, Greater
Servant of Makhleb, Renounce Religion


You were on level 12 of the Dungeon.
You worshipped Makhleb.
Makhleb was exalted by your worship.
You were not hungry.

You visited 2 branches of the dungeon, and saw 13 of its levels.
You also visited: Sewer.

You collected 1064 gold pieces.

Inventory:

Hand Weapons
 I - a +3 war axe of chopping (weapon)
Armour
 c - a +0 shield
 o - a +2 pair of gloves (worn)
 B - a +1 pair of boots (worn)
 D - a +2 cloak (worn)
 M - a +0 plate armour (worn)
Jewellery
 l - a ring of poison resistance (left hand)
 r - an uncursed ring of wizardry
 w - an amulet of magic regeneration (around neck)
 N - a +2 ring of intelligence
 Q - a ring of resist corrosion (right hand)
 Y - an uncursed ring of ice
 Z - an uncursed amulet of faith {unknown}
Wands
 a - a wand of disintegration (13/24)
 J - a wand of lightning (4/15)
 K - a wand of confusion (39/48)
 L - a wand of acid (7/15)
 O - a wand of acid (11/15)
 P - a wand of enslavement (5/24)
 S - a wand of flame (14/48)
 U - a wand of lightning (11/15)
 V - a wand of lightning (7/15)
Scrolls
 j - 4 scrolls of amnesia {unknown}
 k - 4 scrolls of blinking
 m - a scroll of identify
 n - 2 scrolls of immolation {unknown}
 p - 7 scrolls of remove curse
 x - a scroll of recharging {unknown}
 y - 5 scrolls of teleportation
 A - 3 scrolls of fog {unknown}
 C - 2 scrolls of noise {unknown}
 R - a scroll of holy word {unknown}
 X - a scroll of magic mapping
Potions
 b - 2 potions of brilliance
 d - a potion of might
 e - 3 potions of resistance
 h - 8 potions of curing
 i - 3 potions of berserk rage
 q - a potion of flight
 t - 3 potions of lignification
 u - 3 potions of haste
 E - 4 potions of heal wounds
 H - 3 potions of invisibility
 T - a potion of ambrosia
Books
 v - a book of Ice

   Spells                             Type                      Level
   a - Ice Form                       Ice/Transmutation            4
   b - Metabolic Englaciation         Hexes/Ice                    5
   c - Ozocubu's Refrigeration        Ice                          6
   d - Bolt of Cold                   Conjuration/Ice              6
   e - Freezing Cloud                 Conjuration/Ice/Air          6
   f - Simulacrum                     Ice/Necromancy               6
 W - a book of Changes

   Spells                             Type                      Level
   a - Beastly Appendage              Transmutation                1
   b - Sticks to Snakes               Transmutation                2
   c - Spider Form                    Transmutation/Poison         3
   d - Ice Form                       Ice/Transmutation            4
   e - Blade Hands                    Transmutation                5
Comestibles
 f - 7 bread rations
 g - 7 chunks of flesh
 s - 30 fruits
 z - 3 beef jerkies
 F - 3 meat rations
 G - 4 slices of pizza


   Skills:
 + Level 9.2 Fighting
 * Level 12.0 Axes
 * Level 10.7 Armour
 + Level 7.9 Dodging
 - Level 3.7 Shields
 * Level 8.6 Invocations
 + Level 4.3 Evocations


You had 10 spell levels left.
You didn't know any spells.

Dungeon Overview and Level Annotations

Branches:
Dungeon (12/15)            Temple (1/1) D:5            Lair (0/6) D:9
    Orc (0/2) D:11

Altars:
Ashenzari
Cheibriados
Dithmenos
Elyvilon
Fedhas
Gozag
Hepliaklqana
Kikubaaqudgha
Makhleb
Nemelex Xobeh
Okawaru
Pakellas
Qazlal
Ru
Sif Muna
Trog
Uskayaw
Vehumet
Xom
Yredelemnul
Zin
The Shining One

Shops:
D:6 :

Portals:
Trove: D:10 (give 4 potions of resistance)


Innate Abilities, Weirdness & Mutations

You reflexively headbutt those who attack you in melee.
You have a pair of large horns on your head.
You are robust. (+10% HP)
You are weak. (Str -2)


Message History

The 11-headed hydra bites you but does no damage. x2
Some of the chunks of flesh in your inventory have rotted away.
You chop one of the 11-headed hydra's heads off!
The ten-headed hydra grows two more!
You slash the 12-headed hydra!
The 12-headed hydra is moderately wounded.
The 12-headed hydra closely misses you. x2; The 12-headed hydra bites you!
* * * LOW HITPOINT WARNING * * *
The 12-headed hydra bites you.
* * * LOW HITPOINT WARNING * * *
The 12-headed hydra bites you but does no damage. x2
The 12-headed hydra bites you!
* * * LOW HITPOINT WARNING * * *
The 12-headed hydra bites you.
* * * LOW HITPOINT WARNING * * *
The 12-headed hydra bites you.
* * * LOW HITPOINT WARNING * * *
The 12-headed hydra bites you.
* * * LOW HITPOINT WARNING * * *
The 12-headed hydra bites you.
You die...

#...#.......!.##.......# #.#
#..###.#......###......####.#
#..# #.#......# #...........#
#.## ######## ##..........# #.##
#..........## #..###
#...........# #....#######
#...........###
#.##.......#######.............#
#.########....).@D>.........##.#
#.# #########.†....(...##.# #.#
###...........# #.#
#.....####### ## ##....# #
#....# # #....# # #....# #....#


You could see a 12-headed hydra.

Vanquished Creatures
  Josephine (D:10)
  Erolcha (D:11)
  Fannar (D:12)
  2 hill giants
  A cyclops (D:12)
  3 ugly things
  A manticore (D:12)
  A centaur skeleton (D:11)
  A gargoyle (D:11)
  A komodo dragon (D:12)
  A troll (D:10)
  2 two-headed ogres
  The ghost of robotcentaur the Skirmisher, an amateur GrMo (D:6)
  A boulder beetle (D:8)
  2 wyverns (D:12)
  3 wraiths (D:10)
  Grum (D:8)
  A hungry ghost (D:12)
  Menkaure (D:7)
  Duvessa (D:7)
  A soldier ant (D:12)
  3 ice beasts
  4 sky beasts
  2 orc warriors
  A phantom (D:10)
  2 black bears
  7 ogres
  2 wolves (D:8)
  4 centaurs
  A crocodile (D:12)
  2 big kobolds (D:9)
  9 giant frogs
  A gnoll sergeant (D:9)
  A wyvern zombie (D:9)
  A water moccasin zombie (D:12)
  Dowan (D:7)
  A water moccasin skeleton (D:11)
  4 scorpions
  5 killer bees (D:9)
  12 wights
  A howler monkey (D:5)
  A centaur zombie (D:8)
  4 giant frog zombies
  4 crimson imps
  5 hounds
  A quasit (D:9)
  6 orc priests
  4 iguanas
  An iron imp (D:7)
  5 jellies
  9 orc wizards
  3 giant frog skeletons
  3 worker ants
  2 hound skeletons
  A hound zombie (D:8)
  9 gnolls
  12 adders
  19 oozes
  3 adder skeletons
  3 worms
  A dart slug (D:1)
  19 giant geckos
  48 orcs
  11 ball pythons (Sewer)
  18 giant cockroaches
  12 hobgoblins
  8 quokkas
  A sheep (D:4)
  3 bats
  A giant gecko zombie (D:5)
  13 giant newts
  11 goblins
  7 kobolds
  7 rats
347 creatures vanquished.

Notes
Turn   | Place    | Note
-------+----------+-------------------------------------------
     0 | D:1      | qqqbard the Minotaur Fighter began the quest for the Orb.
     0 | D:1      | Reached XP level 1. HP: 19/19 MP: 0/0
   173 | D:1      | Reached XP level 2. HP: 27/27 MP: 1/1
   201 | D:1      | Reached skill level 1 in Dodging
   573 | D:2      | Reached skill level 3 in Axes
   590 | D:2      | Found a blossoming altar of Fedhas.
   687 | D:2      | Reached XP level 3. HP: 33/33 MP: 2/2
   880 | D:2      | Found an iron altar of Okawaru.
   882 | D:2      | Found a basalt altar of Yredelemnul.
  1319 | D:3      | Found a shadowy altar of Dithmenos.
  1343 | D:3      | Found an opulent altar of Gozag.
  1547 | D:3      | Reached XP level 4. HP: 40/40 MP: 3/3
  1957 | D:4      | Reached skill level 4 in Axes
  2166 | D:4      | Reached XP level 5. HP: 46/47 MP: 4/4
  2560 | D:4      | Found a shimmering altar of Xom.
  2632 | D:4      | Reached skill level 5 in Axes
  2632 | D:4      | Reached XP level 6. HP: 52/55 MP: 5/5
  2694 | D:5      | Entered Level 5 of the Dungeon
  2699 | D:5      | Reached skill level 5 in Fighting
  2723 | D:5      | Noticed a sky beast
  2734 | D:5      | Killed a sky beast
  2734 | D:5      | Reached skill level 5 in Armour
  2741 | D:5      | Gained mutation: Your magical capacity is low. (-10% MP) [mutagenic meat]
  2744 | D:5      | Gained mutation: Your body sometimes deteriorates upon taking damage. [mutagenic meat]
  2747 | D:5      | Gained mutation: Armour fits poorly on your strangely shaped body. [mutagenic meat]
  2750 | D:5      | Gained mutation: Your spells are a little easier to cast, but a little less powerful. [mutagenic meat]
  2818 | D:5      | Reached XP level 7. HP: 59/61 MP: 5/5
  2825 | D:5      | Lost mutation: Armour fits poorly on your strangely shaped body. [potion of cure mutation]
  2825 | D:5      | Lost mutation: Your magical capacity is low. (-10% MP) [potion of cure mutation]
  2825 | D:5      | Lost mutation: Your body sometimes deteriorates upon taking damage. [potion of cure mutation]
  2825 | D:5      | Lost mutation: Your spells are a little easier to cast, but a little less powerful. [potion of cure mutation]
  2826 | D:5      | Gained mutation: You are weak. (Str -2) [potion of mutation]
  2826 | D:5      | Gained mutation: You are robust. (+10% HP) [potion of mutation]
  2826 | D:5      | Gained mutation: You have a pair of large horns on your head. [potion of mutation]
  2847 | D:5      | Reached skill level 6 in Axes
  2848 | D:5      | Found a staircase to the Ecumenical Temple.
  3272 | Temple   | Entered the Ecumenical Temple
  3514 | Temple   | Paralysed by fainting for 12 turns
  3717 | Temple   | Became a worshipper of Makhleb the Destroyer
  3814 | D:5      | Reached skill level 1 in Invocations
  3962 | D:6      | Found Ciasoufoj's Book Shop.
  3975 | D:6      | Noticed robotcentaur's ghost (amateur GrMo)
  4005 | D:6      | Killed robotcentaur's ghost
  4005 | D:6      | Reached skill level 7 in Axes
  4005 | D:6      | Reached XP level 8. HP: 70/77 MP: 8/8
  4061 | D:6      | Found a glowing drain.
  4090 | Sewer    | Entered a sewer
  4095 | Sewer    | Reached * piety under Makhleb
  4317 | Sewer    | Reached ** piety under Makhleb
  4582 | Sewer    | Reached *** piety under Makhleb
  5038 | D:6      | Found a glowing silver altar of Zin.
  5038 | D:6      | Found a glowing golden altar of the Shining One.
  5038 | D:6      | Found a white marble altar of Elyvilon.
  5194 | D:7      | Reached skill level 8 in Axes
  5208 | D:7      | Noticed Dowan
  5209 | D:7      | Noticed Duvessa
  5215 | D:7      | Reached skill level 5 in Dodging
  5225 | D:7      | Killed Duvessa
  5242 | D:7      | Killed Dowan
  5283 | D:7      | Found a snail-covered altar of Cheibriados.
  5377 | D:7      | Noticed Menkaure
  5385 | D:7      | Killed Menkaure
  5385 | D:7      | Reached XP level 9. HP: 59/85 MP: 11/11
  5522 | D:7      | Found a sparkling altar of Nemelex Xobeh.
  5524 | D:7      | Reached **** piety under Makhleb
  5833 | D:8      | Reached skill level 9 in Axes
  5833 | D:8      | Reached skill level 5 in Invocations
  5850 | D:8      | Found a deep blue altar of Sif Muna.
  5874 | D:8      | Noticed Grum
  5878 | D:8      | Killed Grum
  6514 | D:8      | Reached skill level 1 in Evocations
  6822 | D:9      | Reached skill level 10 in Axes
  6870 | D:9      | Reached XP level 10. HP: 94/94 MP: 13/13
  6891 | D:9      | Reached ***** piety under Makhleb
  7219 | D:9      | Found a staircase to the Lair.
  7224 | D:9      | Found a sacrificial altar of Ru.
  7224 | D:9      | Found a shimmering altar of Xom.
  7468 | D:10     | Entered Level 10 of the Dungeon
  7670 | D:10     | Noticed Josephine
  7688 | D:10     | Killed Josephine
  7708 | D:10     | Noticed a hill giant
  7713 | D:10     | Killed a hill giant
  7779 | D:10     | Found a portal to a secret trove of treasure.
  8017 | D:11     | Reached skill level 11 in Axes
  8021 | D:11     | Noticed Erolcha
  8032 | D:11     | Killed Erolcha
  8032 | D:11     | Reached XP level 11. HP: 19/104 MP: 15/15
  8090 | D:11     | Found a staircase to the Orcish Mines.
  8554 | D:11     | Reached ****** piety under Makhleb
  8621 | D:11     | Noticed a white ugly thing
  8630 | D:11     | Killed a white ugly thing
  8630 | D:11     | Reached skill level 10 in Armour
  9209 | D:12     | Noticed Fannar
  9233 | D:12     | Killed Fannar
  9262 | D:12     | Noticed a brown ugly thing
  9267 | D:12     | Killed a brown ugly thing
  9577 | D:12     | Noticed a brown ugly thing
  9580 | D:12     | Noticed a hill giant
  9594 | D:12     | Killed a brown ugly thing
  9604 | D:12     | Killed a hill giant
  9615 | D:12     | Reached skill level 12 in Axes
  9798 | D:12     | Noticed an eight-headed hydra
  9817 | D:12     | HP: 5/106 [12-headed hydra (6)]
  9817 | D:12     | HP: 1/106 [12-headed hydra (4)]
  9817 | D:12     | Slain by a 12-headed hydra

Vault maps used:
D:1:      dpeg_arrival_tiny_i
D:2:      nicolae_overflow_hidden_temple
D:3:      minmay_diamond_boxcup, grunt_dithmenos_smoke, lemuel_doored_altar,
          first_bread
D:4:      hangedman_decor_riveting, dk_xom_monty_hall
D:5:      kennysheep_spiral_hall, cheibrodos_gnoll_hut
D:6:      good_gods_mini_temple, gup_sewer_entry_pipe, serial_shops,
          kennysheep_little_box, hangedman_decor_lopped
D:7:      lemuel_coloured_pillars_altar, slow_altar_2, uniq_duvessa,
          uniq_menkaure
D:8:      boulder_corridor_run, overflow_temple_1_default, uniq_grum
D:9:      gammafunk_temple_overflow_wave, blue_anna_alchemist, st_stairs_1,
          minmay_fountain_box
D:10:     enter_trove_0, uniq_josephine
D:11:     hiddenorc2_lemuel, uniq_erolcha
D:12:     minmay_opposing_rooms, uniq_fannar
Temple:   compressed_dpeg_triangle_lava_temple
Sewer:    sewer_frog_island_02

Skill      XL: |  1  2  3  4  5  6  7  8  9 10 11 |
---------------+----------------------------------+-----
Dodging        | 1 2 3 4 5 6 7 |  7.9
Axes           | 3 4 5 7 8 10 11 12 | 12.0
Fighting       | 4 5 6 7 8 9 |  9.2
Armour         | 4 5 6 7 9 10 | 10.7
Invocations    | 2 4 6 7 8 |  8.6
Evocations     | 1 3 4 |  4.3
Shields        | |  3.7

Action                   |  1- 3 |  4- 6 |  7- 9 | 10-12 || total
-------------------------+-------+-------+-------+-------++-------
Melee: War axe           |    91 |    96 |   420 |   365 ||   972
       Headbutt          |     8 |    12 |    53 |    65 ||   138
  Use: Scroll            |       |       |    11 |    14 ||    25
       Potion            |       |       |     2 |     1 ||     3
  Eat: Chunk             |     1 |     8 |    13 |    10 ||    32
       Fruit             |       |       |     1 |       ||     1
       Beef jerky        |       |       |     1 |       ||     1
Armor: Scale mail        |    26 |       |       |       ||    26
       Chain mail        |    12 |    65 |   263 |       ||   340
       Plate armour      |       |       |    28 |   226 ||   254
Dodge: Dodged            |    32 |    46 |   221 |   132 ||   431
Block: Shield            |    31 |       |       |       ||    31
